 Dungeon Crawl Stone Soup version 0.31-a0-339-gda1cbd555d (webtiles) character file.

Game seed: 830486048099387473

37975 Newt the Crack Shot (level 14, -18/82 HPs)
             Began as a Kobold Hunter on July 20, 2023.
             Was a High Priest of Hepliaklqana.
             Demolished by a skyshark (21 damage)
             ... on level 5 of the Lair of Beasts.
             The game lasted 00:23:15 (17344 turns).

Newt the Crack Shot (Kobold Hunter)                Turns: 17344, Time: 00:23:15

Health: -18/82     AC: 10    Str:  9    XL:     14   Next: 31%
Magic:  20/20      EV: 23    Int: 10    God:    Hepliaklqana [*****.]
Gold:   844        SH:  0    Dex: 23    Spells: 13/13 levels left

rFire   . . .        a - +1 shortbow (freeze)
rCold   . . .        (shield currently unavailable)
rNeg    . . .        x - +0 steam dragon scales
rPois   +            i - +0 helmet
rElec   .            G - +2 cloak
rCorr   .            (no gloves)
SInv    .            k - +0 pair of boots
Will    +....        (no amulet)
Stlth   +++          l - ring of poison resistance
HPRegen 0.33/turn    s - ring of flight
MPRegen 0.17/turn

%: no passive effects
@: flying
A: reduced essence, small, no large weapons, nightstalker 3
a: Renounce Religion, Recall Ancestor, Ancestor Identity, Transference, Idealise


You were on level 5 of the Lair of Beasts.
You worshipped Hepliaklqana.
Hepliaklqana was extremely pleased with you.
You visited 3 branches of the dungeon, and saw 16 of its levels.
You also visited: Ossuary.

You collected 948 gold pieces.
You spent 104 gold pieces at shops.

Inventory:

Hand Weapons
 a - a +1 shortbow of freezing (weapon)
Missiles
 b - 3 throwing nets
Armour
 c - a +1 leather armour
 d - a scarf of shadows
 i - a +0 helmet (worn)
 k - a +0 pair of boots (worn)
 w - a +0 scale mail of poison resistance
 x - +0 steam dragon scales (worn)
 G - a +2 cloak (worn)
Jewellery
 l - a ring of poison resistance (left hand)
 s - a ring of flight (right hand)
 z - a +6 ring of dexterity
 D - an amulet of magic regeneration
Wands
 n - a wand of quicksilver (14)
 o - a wand of flame (41)
 u - a wand of paralysis (1)
 A - a wand of polymorph (4)
 E - a wand of mindburst (8)
Scrolls
 g - 9 scrolls of teleportation
 t - 10 scrolls of identify
 y - 3 scrolls of fog
 B - 2 scrolls of enchant armour
 C - a scroll of amnesia
 H - a scroll of blinking
 I - a scroll of silence
Potions
 e - a potion of mutation
 f - a potion of attraction
 h - 5 potions of curing
 j - 4 potions of degeneration
 m - 2 potions of enlightenment
 p - a potion of haste
 q - 2 potions of lignification
 v - a potion of berserk rage
 F - a potion of might
 J - a potion of invisibility {unknown}


   Skills:
 - Level 12.0 Fighting
 + Level 21.8 Ranged Weapons
 - Level 1.8 Armour
 - Level 10.0 Dodging
 - Level 1.3 Stealth
 - Level 9.0 Invocations
 - Level 6.0 Evocations


You had 13 spell levels left.
You didn't know any spells.
Your spell library contained the following spells:

 Spells                   Type           Power      Damage    Failure   Level
 Slow                     Hex            0%         N/A       36%         1
 Blink                    Tloc           0%         N/A       50%         2
 Ensorcelled Hibernation  Hex/Ice        0%         N/A       50%         2
 Poisonous Vapours        Pois/Air       0%         N/A       50%         2
 Confusing Touch          Hex            0%         N/A       75%         3
 Gell's Gravitas          Tloc           0%         N/A       75%         3
 Mephitic Cloud           Conj/Pois/Air  0%         N/A       75%         3
 Teleport Other           Tloc           0%         N/A       75%         3
 Vampiric Draining        Necr           0%         2d6       75%         3
 Anguish                  Hex/Necr       0%         N/A       98%         4
 Cause Fear               Hex            0%         N/A       98%         4
 Manifold Assault         Tloc           0%         N/A       98%         4
 Fireball                 Conj/Fire      0%         3d3       100%        5
 Freezing Cloud           Conj/Ice/Air   0%         6-21      100%        5
 Dispersal                Tloc           0%         N/A       100%        6
 Enfeeble                 Hex            0%         N/A       100%        7
 Dragon's Call            Summ           0%         N/A       100%        9


Dungeon Overview and Level Annotations

Branches:
Dungeon (10/15)            Temple (1/1) D:4            Lair (5/5) D:10
  Swamp (0/4) Lair:3        Snake (0/4) Lair:2        Slime (0/5) Lair:4
Ossuary (visited)
    Orc: D:9-12

Altars:
Ashenzari
Cheibriados
Dithmenos
Elyvilon
Fedhas
Gozag
Hepliaklqana
Kikubaaqudgha
Makhleb
Nemelex Xobeh
Okawaru
Qazlal
Ru
Sif Muna
Trog
Uskayaw
Vehumet
Wu Jian
Xom
Yredelemnul
Zin
The Shining One
Jiyva

Shops:
D:4 !   D:5 :

Annotations:
D:4 3 runed translucent doors, knightboat's ghost, amateur TrSh


Innate Abilities, Weirdness & Mutations

Your life essence is reduced to manifest your ancestor. (-10% HP)
You are small and have problems with some larger weapons.
You are completely attuned to the shadows.


Message History

Aim: a yak (almost dead, 82% to hit)
You shoot an arrow. The arrow hits the yak.
The arrow freezes the yak.
The yak is almost dead.
The skyshark bites Xochipepe!
Xochipepe blocks the skyshark's attack.
The skyshark tail-slaps Xochipepe.
Xochipepe is destroyed!
The yak gores you.
* * * LOW HITPOINT WARNING * * *
Unknown command.
Fire: a) +1 shortbow (freeze)
Press: ? - help, Shift-Dir - straight line, f/p - yak
Aim: a yak (almost dead, 82% to hit)
You shoot an arrow. The arrow hits the yak.
The arrow freezes the yak.
You kill the yak!
Unknown command.
Unknown command.
Okay, then.
You feel much better. The skyshark barely misses you.
The skyshark completely misses you. x2
Fire: a) +1 shortbow (freeze)
Press: ? - help, Shift-Dir - straight line, f - skyshark
Aim: a skyshark (lightly wounded, 80% to hit)
You shoot an arrow. The arrow barely misses the skyshark.
The skyshark bites you!
* * * LOW HITPOINT WARNING * * *
The skyshark tastes blood and grows stronger!
The skyshark tail-slaps you but does no damage.
The skyshark misses you.
Aiming: Paralyse
Press: ? - help, Shift-Dir - straight line, f/p - skyshark
Aim: a skyshark (lightly wounded, strong, chance to affect: 47%)
The skyshark resists with some effort.
The skyshark bites you!!
* * * LOW HITPOINT WARNING * * *
The skyshark enters a blood-rage!
The skyshark barely misses you. The skyshark completely misses you.
Aiming: Paralyse
Press: ? - help, Shift-Dir - straight line, f/p - skyshark
Aim: a skyshark (lightly wounded, berserk, chance to affect: 47%)
The skyshark resists with some effort.
The skyshark bites you!!
You die...

..♣♣♣♣ ♣[.♣.♣♣♣ ♣.....♣♣♣♣♣
♣♣♣......♣.♣♣ ♣♣♣# ....
♣...........♣ ♣♣..#.....
♣♣♣♣..##.####.#♣♣♣♣♣♣♣♣...#....#
♣♣.h...###.⌠.#.##♣...♣.....##....
..hY....#......l###.........Y...#
†.Y.....#⌠.<.†##@#........PP..h..
.Y......#.....###†....###P.#.....
..##.#..##...## ##.....#####....#
### #... ##+†######...#.# #....#
# #....R#R#......## ##.... .
.....#R#.#..#... P...~
.....#.#........ ...
...⌠...+...⌠.... ....#.#.......


You could see a skyshark (berserk).

Vanquished Creatures
  Josephine (Lair:3)
  3 hydras (Lair:3)
  2 two-headed ogres (D:9)
  A boulder beetle (Lair:1)
  5 death yaks
  A skyshark (Lair:4)
  The ghost of Newt the Skirmisher, a novice KoHu (D:6)
  Pikel (D:6)
  3 elephants
  A black mamba (Lair:3)
  3 cane toads
  5 komodo dragons
  5 rime drakes
  3 tyrant leeches (Lair:3)
  7 polar bears
  A dream sheep (Lair:3)
  16 blink frogs
  2 shadows (D:9)
  A spriggan (Lair:3)
  23 yaks
  3 wraiths (Lair:3)
  7 wyverns
  Eustachio (D:6)
  3 basilisks
  2 vampire mosquitoes (D:10)
  A steam dragon (D:9)
  Menkaure (D:5)
  3 nagas (Lair:2)
  3 swamp worms (Lair:3)
  An acid dragon (D:9)
  8 water moccasins
  An orc warrior (D:6)
  3 black bears
  12 wolves
  5 centaurs
  2 elf zombies (Ossuary)
  A lemure (D:6)
  2 kobold brigands (D:10)
  Blork the orc (D:5)
  6 bullfrogs
  A gnoll sergeant (D:7)
  2 scorpions
  3 killer bees (D:8)
  4 howler monkeys
  2 vampire bats (D:7)
  2 electric eels (Lair:3)
  A centaur zombie (Ossuary)
  5 hounds
  A gnoll bouda (D:8)
  5 jellies
  2 orc priests
  A sleepcap (D:6)
  6 orc wizards
  Terence (D:2)
  2 iguanas (D:4)
  Natasha (D:2)
  5 hell rats (Lair:2)
  2 hound zombies (Ossuary)
  3 mummies (Ossuary)
  5 adders
  16 gnolls
  A shadow imp (D:6)
  An ufetubus (D:7)
  3 adder zombies (Ossuary)
  2 worms
  A dart slug (D:3)
  25 orcs
  5 ball pythons
  7 bats
  5 endoplasms
  A giant cockroach (D:3)
  3 goblins
  3 hobgoblins (D:1)
  5 jackals
  A quokka (D:1)
  3 frilled lizards
  5 goblin zombies (Ossuary)
  5 hobgoblin zombies (Ossuary)
  16 kobolds
  2 kobold zombies (Ossuary)
  An orc zombie (Ossuary)
  3 quokka zombies (Ossuary)
  6 rats
  2 rat zombies (Ossuary)
327 creatures vanquished.

Vanquished Creatures (collateral kills)
  2 black mambas
  A torpor snail (Lair:4)
  3 elephants (Lair:5)
  3 cane toads
  2 komodo dragons (Lair:3)
  2 polar bears
  A blink frog (Lair:4)
  2 wraiths (Lair:3)
  9 yaks
  A vampire (D:9)
  3 basilisks
  A naga (Lair:2)
  5 water moccasins
  A black bear (D:10)
  A sky beast (D:7)
  3 wolves
  A centaur (D:10)
  2 lemures (D:6)
  3 bullfrogs
  A killer bee (D:8)
  An electric eel (Lair:3)
  A howler monkey (D:8)
  A jelly (Lair:4)
  2 human zombies (Ossuary)
  A centaur zombie (Ossuary)
  A gnoll bouda (D:5)
  2 gnolls
  An ufetubus (D:6)
  An adder zombie (Ossuary)
  A gnoll zombie (Ossuary)
  A jackal (D:5)
  A bat (D:7)
  A jackal zombie (Ossuary)
  2 quokka zombies (Ossuary)
64 creatures vanquished.

Vanquished Creatures (others)
  11 knights
  4 ancestors
15 creatures vanquished.

Grand Total: 406 creatures vanquished

Notes
Turn   | Place    | Note
-------+----------+-------------------------------------------
     0 | D:1      | Newt the Kobold Hunter began the quest for the Orb.
     0 | D:1      | Reached XP level 1. HP: 12/12 MP: 1/1
   191 | D:1      | Reached XP level 2. HP: 18/18 MP: 2/2
  1124 | D:2      | Reached XP level 3. HP: 20/24 MP: 3/3
  1287 | D:2      | Noticed Natasha
  1293 | D:2      | Killed Natasha
  1294 | D:2      | Reached XP level 4. HP: 30/30 MP: 4/4
  1623 | D:2      | Noticed Terence
  1632 | D:2      | Killed Terence
  1633 | D:2      | Reached skill level 5 in Fighting
  2130 | D:3      | Reached skill level 6 in Ranged Weapons
  2130 | D:3      | Reached XP level 5. HP: 27/35 MP: 5/5
  2600 | D:3      | Reached skill level 7 in Ranged Weapons
  2608 | D:3      | Reached XP level 6. HP: 36/40 MP: 6/6
  2820 | D:3      | Found a faded altar of an unknown god.
  3494 | D:4      | Found a staircase to the Ecumenical Temple.
  3507 | Temple   | Entered the Ecumenical Temple
  3513 | Temple   | Became a worshipper of Hepliaklqana the Forgotten
  3687 | D:4      | Reached skill level 8 in Ranged Weapons
  4022 | D:4      | Found Fisyr's Distillery.
  4029 | D:4      | Bought a potion of curing for 39 gold pieces
  4029 | D:4      | Bought a potion of heal wounds for 65 gold pieces
  4092 | D:4      | Found a burning altar of Makhleb.
  4092 | D:4      | Found a shadowy altar of Dithmenos.
  4100 | D:4      | Found a radiant altar of Vehumet.
  4215 | D:4      | Found a shimmering blue altar of Sif Muna.
  4261 | D:4      | Reached XP level 7. HP: 44/44 MP: 7/7
  4296 | D:4      | Found a runed translucent gate.
  4298 | D:4      | Found a runed translucent gate.
  4298 | D:4      | Noticed knightboat's ghost (amateur TrSh)
  4316 | D:4      | Found a runed translucent gate.
  4377 | D:5      | Entered Level 5 of the Dungeon
  4410 | D:5      | Reached skill level 9 in Ranged Weapons
  4471 | D:5      | Noticed Menkaure
  4476 | D:5      | Killed Menkaure
  4502 | D:5      | Reached skill level 10 in Ranged Weapons
  4789 | D:5      | Reached * piety under Hepliaklqana
  4940 | D:5      | Reached XP level 8. HP: 44/44 MP: 8/8
  4971 | D:5      | Noticed Blork the orc
  4981 | D:5      | Killed Blork the orc
  4982 | D:5      | Reached skill level 5 in Dodging
  5003 | D:5      | Found Qobeadu's Self-Improvement Boutique.
  5249 | D:6      | Found a runed translucent door.
  5461 | D:6      | Found a sand-covered staircase.
  5468 | Ossuary  | Entered an ossuary
  6160 | D:6      | Noticed Eustachio
  6168 | D:6      | Killed Eustachio
  6169 | D:6      | Reached XP level 9. HP: 53/53 MP: 9/9
  6194 | D:6      | Identified the +4 quarterstaff of Exchange {flame, rElec
                  | rF++ rC- SInv}
  6233 | D:6      | Reached skill level 11 in Ranged Weapons
  6724 | D:6      | Noticed Pikel
  6736 | D:6      | Killed Pikel
  6737 | D:6      | Reached skill level 12 in Ranged Weapons
  6792 | D:6      | Found a blossoming altar of Fedhas.
  6891 | D:6      | Found a broken altar of Ashenzari.
  6960 | D:6      | Noticed Newt's ghost (novice KoHu)
  6979 | D:6      | Killed Newt's ghost
  6980 | D:6      | Reached skill level 13 in Ranged Weapons
  6980 | D:6      | Reached XP level 10. HP: 57/57 MP: 10/10
  7048 | D:7      | Reached skill level 14 in Ranged Weapons
  7191 | D:7      | Found an ancient bone altar of Kikubaaqudgha.
  7292 | D:7      | Identified the +5 ring mail "Unikif" {Int+2 Dex-5 SInv}
  7431 | D:7      | Found a white marble altar of Elyvilon.
  7579 | D:7      | Reached skill level 15 in Ranged Weapons
  7579 | D:7      | Reached skill level 1 in Evocations
  8157 | D:8      | Reached skill level 5 in Evocations
  8342 | D:8      | Reached ** piety under Hepliaklqana
  8343 | D:8      | Remembered your ancestor Xochipepe as a knight
  9076 | D:9      | Noticed a two-headed ogre
  9084 | D:9      | Killed a two-headed ogre
  9085 | D:9      | Reached skill level 16 in Ranged Weapons
  9097 | D:9      | Reached XP level 11. HP: 61/61 MP: 11/11
  9513 | D:9      | Noticed a two-headed ogre
  9521 | D:9      | Killed a two-headed ogre
  9522 | D:9      | Reached skill level 17 in Ranged Weapons
  9669 | D:10     | Entered Level 10 of the Dungeon
  9670 | D:10     | Found an iron altar of Okawaru.
  9693 | D:10     | Noticed a death yak
  9707 | D:10     | Noticed an elephant
  9729 | D:10     | Killed a death yak
  9730 | D:10     | Reached skill level 18 in Ranged Weapons
  9733 | D:10     | Killed an elephant
  9734 | D:10     | Reached skill level 1 in Armour
 10054 | D:10     | Found a hide-covered altar of Uskayaw.
 10192 | D:10     | Found a staircase to the Lair.
 10617 | Lair:1   | Entered Level 1 of the Lair of Beasts
 11011 | Lair:1   | Reached *** piety under Hepliaklqana
 11101 | Lair:1   | Noticed a boulder beetle
 11152 | Lair:1   | Killed a boulder beetle
 11153 | Lair:1   | Reached skill level 10 in Dodging
 11153 | Lair:1   | Reached XP level 12. HP: 25/66 MP: 12/12
 11594 | Lair:1   | Reached skill level 10 in Fighting
 12481 | Lair:2   | Found a staircase to the Snake Pit.
 12592 | Lair:2   | Reached **** piety under Hepliaklqana
 12607 | Lair:2   | Reached skill level 1 in Invocations
 12700 | Lair:2   | You are sucked into a shaft and drop 1 floor!
 12804 | Lair:2   | Found a shimmering blue altar of Sif Muna.
 13540 | Lair:3   | Reached skill level 5 in Invocations
 13555 | Lair:3   | Reached XP level 13. HP: 32/77 MP: 15/17
 14373 | Lair:3   | Noticed Josephine
 14394 | Lair:3   | Killed Josephine
 14514 | Lair:3   | Reached ***** piety under Hepliaklqana
 14604 | Lair:3   | Found a staircase to the Swamp.
 15065 | Lair:3   | Noticed a five-headed hydra
 15065 | Lair:3   | Noticed a six-headed hydra
 15091 | Lair:3   | Killed a six-headed hydra
 15106 | Lair:3   | Killed a five-headed hydra
 15107 | Lair:3   | Reached skill level 19 in Ranged Weapons
 15226 | Lair:3   | Noticed a seven-headed hydra
 15238 | Lair:3   | Killed a seven-headed hydra
 15638 | Lair:4   | Found a staircase to the Slime Pits.
 15652 | Lair:4   | Found a viscous altar of Jiyva.
 15987 | Lair:4   | Reached skill level 20 in Ranged Weapons
 16292 | Lair:4   | Reached XP level 14. HP: 70/82 MP: 20/20
 16697 | Lair:5   | Entered Level 5 of the Lair of Beasts
 16772 | Lair:4   | Reached skill level 21 in Ranged Weapons
 17309 | Lair:5   | HP: 1/82 [yak (9)]
 17343 | Lair:5   | HP: 2/82 [skyshark (18)]
 17344 | Lair:5   | Demolished by a skyshark

Illustrated notes

Levels and vault maps discovered:
D:1:      nicolae_arrival_washed_ashore, layout_basic
D:2:      layout_basic, uniq_terence, uniq_natasha
D:3:      layout_loops_corners, shapermc_ecumenical_altar_acropolis
D:4:      layout_basic, grunt_temple_overflow_cloverleaf,
          minmay_temple_entry_slanted, serial_shops, nicolae_square_shop,
          gammafunk_ghost_nasty_kobolds
D:5:      layout_cave_pools, nicolae_shop_self_help, uniq_blork_the_orc,
          uniq_menkaure
D:6:      layout_loops_cross, mainiacjoe_overflow_surrounded_room,
          fedhas_altar_4, ebering_ghost_reflecting_pool,
          lightli_ossuary_entry_decrepit_ruins, uniq_eustachio, uniq_pikel
D:7:      layout_gridville, kiku_gazebo_pond_becter,
          nicolae_elyvilon_peaceful_grove, roderic_batcave
D:8:      layout_cave_pools, item_on_display_a
D:9:      layout_loops_cross
D:10:     layout_loops_ring, lemuel_crystal_altar, old_standard_altar,
          david_lair_generic
Temple:   hellmonk_temple_two_chambers
Lair:1:   layout_concentric_octagons
Lair:2:   layout_cave_shapes, minmay_snake_entry_guardpost_medium, basic_altar
Lair:3:   nzn_winding_woodlands_medium [nzn_winding_woodlands_5x5_perimeter,
          nzn_winding_woodlands_5x15_river_crossing,
          nzn_winding_woodlands_5x5_default, nzn_winding_woodlands_5x5_default,
          nzn_winding_woodlands_center_pierced_h,
          nzn_winding_woodlands_5x5_open_star,
          nzn_winding_woodlands_5x5_closed_star,
          nzn_winding_woodlands_5x15_pathside_ponds,
          nzn_winding_woodlands_5x5_checkerboard], layout_gridlike,
          minmay_swamp_entry_worms, grunt_forest_stairs_clearing,
          serial_bayou_shore_a, uniq_josephine
Lair:4:   layout_roguey, nicolae_slime_entry_field_trip
Lair:5:   minmay_lair_end_enchanted_forest, layout_cellular_growth,
          nicolae_lair_run_with_the_wolves, infiniplex_staircase_pool_2,
          grunt_megastairs_1

Skill      XL: |  1  2  3  4  5  6  7  8  9 10 11 12 13 14 |
---------------+-------------------------------------------+-----
Fighting       | 3 4 5 7 8 12 | 12.0
Ranged Weapons | 6 7 8 10 13 16 18 20 21 | 21.8
Dodging        | 4 6 10 | 10.0
Evocations     | 6 |  6.0
Armour         | 1 |  1.8
Invocations    | 5 9 |  9.0
Stealth        | |  1.3

Action                     |  1- 3 |  4- 6 |  7- 9 | 10-12 | 13-15 || total
---------------------------+-------+-------+-------+-------+-------++-------
  Melee: Shortbow          |       |     3 |       |       |       ||     3
   Fire: Shortbow          |    53 |   149 |   333 |   681 |   589 ||  1805
 Invoke: Ancestor Life: Kn |       |       |       |     1 |       ||     1
         Recall Ancestor   |       |       |       |     2 |     3 ||     5
  Evoke: Wand              |       |       |       |     3 |     7 ||    10
    Use: Scroll            |     3 |     3 |     8 |     2 |     2 ||    18
         Potion            |       |       |     4 |     1 |     5 ||    10
 Armour: Leather armour    |     4 |    21 |    29 |     6 |       ||    60
         Steam dragon scal |       |       |       |    28 |    36 ||    64
  Dodge: Dodged            |     8 |    66 |   112 |   201 |   234 ||   621

Table legend: (Time is in decaauts)
 A = Elapsed time spent in this place.
 B = Non-inter-level travel time spent in this place.
 C = Inter-level travel time spent in this place.
 D = Time resting spent in this place.
 E = Time spent auto-exploring this place.
 F = Levels seen in this place.
 G = Mean time per level.
                   A        B        C        D        E       F      G
               +--------+--------+--------+--------+--------+-----+--------+
         Total |  16949 |  16360 |    589 |   2709 |  11341 |  17 |  997.0 |
       Dungeon |   9922 |   9532 |    390 |   1141 |   7222 |  10 |  992.2 |
        Temple |     12 |      1 |     11 |      0 |      0 |   1 |   12.0 |
          Lair |   6448 |   6261 |    187 |   1375 |   3924 |   5 | 1289.6 |
       Ossuary |    566 |    566 |      0 |    193 |    195 |   1 |  566.0 |
               +--------+--------+--------+--------+--------+-----+--------+

Top non-repeatable levels by time:
  Lair:3: 2096 daAuts
  Lair:2: 1434 daAuts
  Lair:4: 1411 daAuts
     D:3: 1341 daAuts
  Lair:1: 1262 daAuts
     D:6: 1209 daAuts
     D:2: 1109 daAuts
     D:4: 1104 daAuts
     D:1: 997 daAuts
     D:9: 971 daAuts
    D:10: 912 daAuts
     D:7: 860 daAuts
     D:8: 749 daAuts
     D:5: 666 daAuts
 Ossuary: 566 daAuts
